 Dungeon Crawl Stone Soup version 0.26-a0-672-g1df16c3386 (webtiles) character file.

Game seed: 8578148013900277773

2221 letoffstudios the Cleaver (level 9, -4/75 HPs)
             Began as a Hill Orc Fighter on Oct 7, 2020.
             Was a Follower of Beogh.
             Slain by a brown ugly thing (8 damage)
             ... on level 6 of the Dungeon on Oct 19, 2020.
             The game lasted 00:17:39 (6541 turns).

letoffstudios the Cleaver (Hill Orc Fighter)        Turns: 6541, Time: 00:17:40

Health: -4/75      AC:  8    Str: 19    XL:     9   Next: 35%
Magic:  9/9        EV:  8    Int:  8    God:    Beogh [*.....]
Gold:   338        SH: 10    Dex: 13    Spells: 8/8 levels left

rFire    + . .     SeeInvis .   a - +0 war axe
rCold    + . .     Faith    .   c - +0 kite shield
rNeg     . . .     Spirit   .   b - +0 scale mail
rPois    +         Reflect  .   (no helmet)
rElec    +         Harm     .   (no cloak)
rCorr    +         Rampage  .   n - +0 pair of gloves
MR       .....                  (no boots)
Stlth    ..........             (no amulet)
HPRegen  0.22/turn              (no ring)
MPRegen  0.11/turn              (no ring)

@: mighty, resistant
A: no striking features
a: Renounce Religion


You were on level 6 of the Dungeon.
You worshipped Beogh.
Beogh was aware of your devotion.
You visited 1 branch of the dungeon, and saw 6 of its levels.

You collected 338 gold pieces.

Inventory:

Hand Weapons
 a - a +0 war axe (weapon)
 d - a +2 flail
 u - a +3 trident of venom
Armour
 b - a +0 scale mail (worn)
 c - a +0 kite shield (worn)
 j - a +0 plate armour
 n - a +0 pair of gloves (worn)
 r - a +0 plate armour
Magical Staves
 g - an uncursed staff of conjuration
Jewellery
 s - a +4 ring of evasion {unknown}
Wands
 o - a wand of disintegration (12)
Scrolls
 i - 2 scrolls of amnesia
 m - 4 scrolls of teleportation
 p - 3 scrolls of fog
 t - a scroll of blinking
 v - a scroll of identify
Potions
 e - 2 potions of stabbing
 f - 2 potions of lignification
 h - a potion of brilliance {unknown}
 l - a potion of resistance
 q - a potion of flight {unknown}


   Skills:
 + Level 6.0 Fighting
 * Level 12.3 Axes
 + Level 6.0 Armour
 + Level 1.6 Dodging
 + Level 0.3 Stealth
 + Level 5.0 Shields


You had 8 spell levels left.
You didn't know any spells.
Your spell library contained the following spells:

 Spells                   Type           Power        Failure   Level
 Corona                   Hex            #......      99%         1
 Magic Dart               Conj           #...         99%         1
 Blink                    Tloc           N/A          100%        2
 Call Imp                 Summ           #.......     100%        2
 Ensorcelled Hibernation  Hex/Ice        #.....       100%        2
 Slow                     Hex            #.......     100%        2
 Confusing Touch          Hex            #.......     100%        3
 Conjure Flame            Conj/Fire      #.......     100%        3
 Dazzling Flash           Conj/Hex       #.....       100%        3
 Mephitic Cloud           Conj/Pois/Air  #.......     100%        3
 Tukima's Dance           Hex            #.......     100%        3


Dungeon Overview and Level Annotations

Branches:
Dungeon (6/15)
 Temple: D:4-7

Altars:
Cheibriados
Qazlal
Ru


Message History

You block the hound's attack.
You block the brown ugly thing's attack.
You hit the brown ugly thing.
The brown ugly thing is heavily wounded.
You slash the hound! The hound bites you but does no damage.
You block the brown ugly thing's attack.
The hound bites you.
* * * LOW HITPOINT WARNING * * *
You slash the brown ugly thing!
The brown ugly thing is almost dead.
You hit the hound. The hound bites you.
* * * LOW HITPOINT WARNING * * *
The brown ugly thing gores you.
* * * LOW HITPOINT WARNING * * *
You are splashed with acid!
* * * LOW HITPOINT WARNING * * *
It was a potion of resistance.
You feel protected. The hound closely misses you.
The brown ugly thing gores you!
You die...

.##.(........# #.#
#............
.#..#.####..## #.#
#............
...##....#..# #.#
#............
..######....# ##.##
#.......#.... ..#
#.....#
#...###..########## ..#
#.#<.####...##..## ..##
#...........#...#
...####..<..#........##
...............h@..#.#
......).).......u.##.#
....).[)†.[...#......#
........))........####
.................##
##...........(...#
#.............#...
..................
.............##..


You could see a brown ugly thing and a hound.

Vanquished Creatures
  Pikel (D:5)
  Sigmund (D:2)
  A water moccasin (D:6)
  An orc warrior (D:6)
  A necrophage (D:6)
  3 ogres
  4 lemures (D:5)
  2 scorpions (D:6)
  3 wights (D:6)
  2 howler monkeys (D:6)
  A bullfrog zombie (D:5)
  2 hounds
  An orc priest (D:3)
  A centaur skeleton (D:4)
  A bullfrog skeleton (D:6)
  A gnoll shaman (D:6)
  2 iguanas (D:4)
  2 orc wizards (D:6)
  Terence (D:2)
  6 worker ants
  11 gnolls
  7 adders
  2 shadow imps
  A white imp (D:6)
  An ufetubus (D:6)
  An ooze (D:5)
  An adder skeleton (D:4)
  3 worms
  4 dart slugs
  5 leopard geckos
  5 orcs
  6 giant cockroaches
  10 goblins
  9 hobgoblins
  4 jackals (D:1)
  3 quokkas
  9 bats
  A frilled lizard (D:1)
  8 kobolds
  A quokka skeleton (D:6)
  9 rats
138 creatures vanquished.

Vanquished Creatures (others)
  An adder (D:5)
1 creature vanquished.

Grand Total: 139 creatures vanquished

Notes
Turn   | Place    | Note
-------+----------+-------------------------------------------
     0 | D:1      | letoffstudios the Hill Orc Fighter began the quest for the
                  | Orb.
     0 | D:1      | Reached XP level 1. HP: 19/19 MP: 1/1
    92 | D:1      | Found a snail-covered altar of Cheibriados.
   108 | D:1      | Reached skill level 3 in Axes
   108 | D:1      | Reached XP level 2. HP: 18/27 MP: 2/2
   411 | D:1      | Reached XP level 3. HP: 32/33 MP: 3/3
   712 | D:1      | Reached skill level 4 in Axes
  1073 | D:2      | Noticed Terence
  1091 | D:2      | Killed Terence
  1091 | D:2      | Reached XP level 4. HP: 35/40 MP: 4/4
  1233 | D:2      | Reached skill level 5 in Axes
  1659 | D:2      | Noticed Sigmund
  1684 | D:2      | HP: 1/40 [something (8)]
  1696 | D:2      | Killed Sigmund
  1696 | D:2      | Reached skill level 6 in Axes
  1696 | D:2      | Reached XP level 5. HP: 18/46 MP: 5/5
  1696 | D:2      | Reached XP level 6. HP: 21/52 MP: 6/6
  2382 | D:3      | Found a stormy altar of Qazlal.
  2589 | D:3      | Reached skill level 7 in Axes
  2999 | D:3      | Found a sacrificial altar of Ru.
  3098 | D:4      | Reached XP level 7. HP: 20/60 MP: 7/7
  3484 | D:4      | Reached skill level 8 in Axes
  4183 | D:4      | HP: 2/60 [ogre/+0 giant club (20)]
  4187 | D:4      | Reached skill level 9 in Axes
  4187 | D:4      | Reached skill level 1 in Dodging
  4586 | D:5      | Entered Level 5 of the Dungeon
  4595 | D:5      | Became a worshipper of Beogh the Brigand
  4607 | D:5      | Reached XP level 8. HP: 13/67 MP: 8/8
  5078 | D:5      | Noticed Pikel
  5101 | D:5      | HP: 3/67 [lemure[Pikel] (3)]
  5111 | D:5      | Killed Pikel
  5111 | D:5      | Reached skill level 5 in Fighting
  5111 | D:5      | Reached skill level 10 in Axes
  5111 | D:5      | Reached skill level 5 in Armour
  5670 | D:6      | Upgraded the game from 0.26-a0-660-gc07710193c to
                  | 0.26-a0-672-g1df16c3386
  5684 | D:6      | Reached skill level 11 in Axes
  5762 | D:6      | Reached XP level 9. HP: 41/74 MP: 9/9
  6110 | D:6      | Reached * piety under Beogh
  6112 | D:6      | Reached skill level 12 in Axes
  6132 | D:6      | Reached skill level 5 in Shields
  6527 | D:6      | Noticed a brown ugly thing
  6541 | D:6      | Slain by a brown ugly thing

Illustrated notes

Levels and vault maps discovered:
D:1:      dpeg_arrival_water_fire, layout_loops_ring, cheibriados_altar_1
D:2:      layout_loops_ring, minmay_cupped, uniq_terence, uniq_sigmund
D:3:      layout_basic, marbit_many_paths, minmay_crystal_room,
          nicolae_ru_the_path_less_chosen
D:4:      layout_gridville
D:5:      layout_basic, uniq_pikel
D:6:      layout_rooms, grunt_potential

Skill      XL: |  1  2  3  4  5  6  7  8  9 |
---------------+----------------------------+-----
Axes           | 3 4 6 7 9 11 12 | 12.3
Fighting       | 4 5 6 |  6.0
Armour         | 4 5 6 |  6.0
Shields        | 4 5 |  5.0
Dodging        | 1 |  1.6
Stealth        | |  0.3

Action                   |  1- 3 |  4- 6 |  7- 9 || total
-------------------------+-------+-------+-------++-------
Melee: War axe           |   126 |   159 |   215 ||   500
Invok: Convert to Beogh  |       |       |     1 ||     1
Evoke: Wand              |       |       |     5 ||     5
  Use: Scroll            |     1 |     9 |     2 ||    12
       Potion            |       |     5 |     6 ||    11
Armor: Scale mail        |    64 |    74 |    90 ||   228
       Skin              |       |     9 |       ||     9
Dodge: Dodged            |    38 |    40 |    80 ||   158
Block: Kite shield       |    60 |    64 |   127 ||   251

Table legend: (Time is in decaauts)
 A = Elapsed time spent in this place.
 B = Non-inter-level travel time spent in this place.
 C = Inter-level travel time spent in this place.
 D = Time resting spent in this place.
 E = Time spent auto-exploring this place.
 F = Levels seen in this place.
 G = Mean time per level.
                   A        B        C        D        E       F      G
               +--------+--------+--------+--------+--------+-----+--------+
         Total |   6646 |   6549 |     97 |     56 |   5387 |   6 | 1107.7 |
       Dungeon |   6646 |   6549 |     97 |     56 |   5387 |   6 | 1107.7 |
               +--------+--------+--------+--------+--------+-----+--------+

Top non-repeatable levels by time:
     D:4: 1532 daAuts
     D:2: 1168 daAuts
     D:1: 1101 daAuts
     D:5: 1087 daAuts
     D:3: 886 daAuts
     D:6: 870 daAuts
